 Dungeon Crawl Stone Soup version 0.27.1-34-g3ba077fa99 (webtiles) character file.

Game seed: 12880137216560175466

106503 Sharkman1231 the Carver (level 15, -18/95 HPs)
             Began as a Demonspawn Fighter on Jan 19, 2022.
             Was the Champion of Makhleb.
             Blown up by a great orb of eyes (28 damage)
             ... with a mindburst bolt
             ... on level 2 of the Abyss.
             The game lasted 00:35:43 (27064 turns).

Sharkman1231 the Carver (Demonspawn Fighter)       Turns: 27064, Time: 00:35:43

Health: -18/95     AC: 28    Str: 12 (13) XL:     15   Next: 97%
Magic:  23/23      EV:  9    Int: 11 (12) God:    Makhleb [******]
Gold:   2407       SH: 12    Dex: 18      Spells: 14/14 levels left

rFire    + + .     SeeInvis +   a - +9 long sword of the Toadstool {venom, rElec rPois rF++ rC+}
rCold    + + +     Faith    .   c - +0 kite shield
rNeg     . . .     Spirit   .   n - +3 chain mail {rC+}
rPois    +         Reflect  .   (helmet unavailable)
rElec    +         Harm     .   L - +2 cloak
rCorr    .         Rampage  .   Z - +2 pair of gloves of Melancholy {rC+}
Will     +....                  D - +0 pair of boots
Stlth    ..........             O - amulet of magic regeneration
HPRegen  0.25/turn              t - +4 ring of protection
MPRegen  0.43/turn              P - +6 ring of dexterity

@: no status effects
A: antennae 3, rugged brown scales 1, ignite blood 2, spiny 3, [clumsy 2],
[deterioration 2], [frail 2], [weak 2], [subdued magic 2]
a: Renounce Religion, Minor Destruction, Lesser Servant of Makhleb, Major
Destruction, Greater Servant of Makhleb


You were on level 2 of the Abyss.
You worshipped Makhleb.
Makhleb was exalted by your worship.
You visited 4 branches of the dungeon, and saw 24 of its levels.
You visited the Abyss 1 time.
You also visited: Ossuary, Gauntlet and Ice Cave.

You collected 3346 gold pieces.
You spent 939 gold pieces at shops.

Inventory:

Hand Weapons
 a - the +9 long sword of the Toadstool (weapon) {venom, rElec rPois rF++ rC+}
   (You found it on level 4 of the Dungeon)

   It poisons the flesh of those it strikes.
   rF:        It greatly protects you from fire.
   rC:        It protects you from cold.
   rElec:     It insulates you from electricity.
   rPois:     It protects you from poison.
 b - the +2 demon blade of Desperation {venom, +Blink}
   (You acquired it on level 9 of the Dungeon)

   It poisons the flesh of those it strikes.
   +Blink:    It lets you blink.
Armour
 c - a +0 kite shield (worn)
 n - a +3 chain mail of cold resistance (worn)
 D - a +0 pair of boots (worn)
 L - a +2 cloak (worn)
 Z - the +2 pair of gloves of Melancholy (worn) {rC+}
   (You found it in a Gauntlet)

   rC:        It protects you from cold.
Jewellery
 l - a ring of protection from fire
 t - a +4 ring of protection (left hand)
 N - a ring of protection from fire
 O - an amulet of magic regeneration (around neck)
 P - a +6 ring of dexterity (right hand)
 T - a ring of willpower
 Y - an amulet of reflection
Wands
 f - a wand of polymorph (34)
 j - a wand of charming (18)
 m - a wand of digging (10)
 s - a wand of iceblast (32)
 w - a wand of flame (129)
 K - a wand of mindburst (7)
 R - a wand of acid (17)
Scrolls
 k - 5 scrolls of teleportation
 q - 5 scrolls of amnesia
 r - 9 scrolls of immolation
 u - 5 scrolls of fog
 x - 3 scrolls of enchant armour
 z - 2 scrolls of magic mapping
 A - 6 scrolls of fear
 G - 2 scrolls of enchant weapon
 S - a scroll of vulnerability
 V - a scroll of silence
 W - 6 scrolls of identify
 X - a scroll of summoning
Potions
 d - a potion of might
 e - 6 potions of invisibility
 g - 19 potions of curing
 h - 6 potions of haste
 i - 4 potions of heal wounds
 o - a potion of flight
 p - a potion of ambrosia
 v - 2 potions of magic
 B - 3 potions of attraction
 C - 2 potions of berserk rage
 E - 7 potions of mutation
 F - 4 potions of brilliance
 H - 11 potions of lignification
 M - 2 potions of cancellation
 U - a potion of resistance


   Skills:
 - Level 10.0 Fighting
 - Level 14.0 Long Blades
 - Level 4.0 Maces & Flails
 - Level 11.0 Armour
 - Level 10.0 Dodging
 + Level 5.0 Stealth
 - Level 12.3 Shields
 - Level 11.0 Invocations


You had 14 spell levels left.
You didn't know any spells.
Your spell library contained the following spells:

 Spells                   Type           Power      Damage    Failure   Level
 Corona                   Hex            0%         N/A       100%        1
 Pain                     Necr           0%         1d4       100%        1
 Ensorcelled Hibernation  Hex/Ice        0%         N/A       100%        2
 Poisonous Vapours        Pois/Air       0%         N/A       100%        2
 Static Discharge         Conj/Air       0%         N/A       100%        2
 Call Canine Familiar     Summ           0%         N/A       100%        3
 Ozocubu's Armour         Ice            0%         N/A       100%        3
 Portal Projectile        Hex/Tloc       0%         N/A       100%        3
 Stone Arrow              Conj/Erth      0%         3d7       100%        3
 Tukima's Dance           Hex            0%         N/A       100%        3
 Leda's Liquefaction      Hex/Erth       0%         N/A       100%        4
 Passage of Golubria      Tloc           N/A        N/A       100%        4
 Summon Ice Beast         Ice/Summ       0%         N/A       100%        4
 Agony                    Necr           0%         N/A       100%        5
 Bolt of Magma            Conj/Fire/Erth 0%         4d4       100%        5
 Excruciating Wounds      Necr           0%         N/A       100%        5
 Fireball                 Conj/Fire      0%         3d3       100%        5
 Freezing Cloud           Conj/Ice/Air   0%         6-21      100%        5
 Summon Mana Viper        Hex/Summ       0%         N/A       100%        5
 Yara's Violent Unravell  Hex/Tmut       0%         3d3       100%        5
 Simulacrum               Ice/Necr       0%         N/A       100%        6
 Starburst                Conj/Fire      0%         6d3       100%        6
 Statue Form              Tmut/Erth      0%         N/A       100%        6
 Monstrous Menagerie      Summ           0%         N/A       100%        7
 Ozocubu's Refrigeration  Ice            0%         4d5       100%        7
 Ignition                 Fire           0%         3d3       100%        8
 Chain Lightning          Conj/Air       0%         N/A       100%        9
 Polar Vortex             Ice            0%         N/A       100%        9
 Shatter                  Erth           0%         3d5*      100%        9


Dungeon Overview and Level Annotations

Branches:
Dungeon (15/15)            Temple (1/1) D:4            Lair (6/6) D:10
 Shoals (0/4) Lair:4        Snake (0/4) Lair:2        Slime (0/5) Lair:6
    Orc (2/2) D:9             Elf (0/3) Orc:2        Vaults (0/5) D:14
 Depths (0/5) D:15        Ossuary (visited)           IceCv (visited)
Gauntlet (visited)

Altars:
Ashenzari
Cheibriados
Dithmenos
Elyvilon
Fedhas
Gozag
Hepliaklqana
Kikubaaqudgha
Makhleb
Nemelex Xobeh
Okawaru
Qazlal
Ru
Sif Muna
Trog
Uskayaw
Vehumet
Wu Jian
Xom
Yredelemnul
Zin
The Shining One
Beogh
Jiyva

Shops:
D:9 [   D:10 (   D:11 *   D:14 [   Orc:1 !=[   Orc:2 (:([[

Portals:
Hell: Lair:6

Annotations:
D:4 1 runed translucent door, melkoren's ghost, amateur TrMo
D:14 Frances
Orc:1 1 runed translucent door, Maimakterion's ghost, journeyman GrFi


Innate Abilities, Weirdness & Mutations

You have a pair of large antennae on your head. (SInv)
You are partially covered in rugged brown scales. (AC +1, +3% HP)
Your demonic aura often causes spilled blood to erupt in flames.
You are completely covered in sharp spines.
[You are very clumsy. (Dex -4)]
[Your body often deteriorates upon taking damage.]
[You are very frail. (-20% HP)]
[You are very weak. (Str -4)]
[Your spells are easier to cast, but less powerful.]


Message History

The great orb of eyes bites you but does no damage.
You hit the great orb of eyes but do no damage.
The great orb of eyes is heavily wounded.
The great orb of eyes gazes at you.
Your mind is blasted!
* * * LOW HITPOINT WARNING * * *
Your body deteriorates!
You feel dopey.
You hit the great orb of eyes but do no damage.
The great orb of eyes is heavily wounded.
You slash the great orb of eyes!
The great orb of eyes is severely wounded.
You block the great orb of eyes's attack.
Unknown command.
You hit the great orb of eyes.
The great orb of eyes looks as sick as possible!
The great orb of eyes is almost dead.
You block the great orb of eyes's attack.
You barely miss the great orb of eyes.
The great orb of eyes is almost dead.
The great orb of eyes pulsates ominously.
The great orb of eyes bites you!
* * * LOW HITPOINT WARNING * * *
Unknown command.
You feel much better. The great orb of eyes gazes at you.
Your mind is blasted!
* * * LOW HITPOINT WARNING * * *
Your body deteriorates!
You feel weakened.
Unknown command.
You hit the great orb of eyes but do no damage.
The great orb of eyes is almost dead.
You completely miss the great orb of eyes.
The great orb of eyes is almost dead.
You block the great orb of eyes's attack.
You hit the great orb of eyes.
The great orb of eyes looks as sick as possible!
The great orb of eyes is almost dead.
The great orb of eyes gazes at you.
Your mind is blasted!
You die...

. #. ..
.. #. . #
. ### .
.. ###.##
#@°.#.#
#.G###..#
#.#. .# #
#. #
..#....#
# #.# #.
# # .. ##
. #. # #
#.. ..#
#.. #.
.## # # .
#


You could see a great orb of eyes (extremely poisoned).

Vanquished Creatures
  2 tentacled starspawn (Abyss:2)
  Gastronok (D:8)
  A minotaur (Gauntlet)
  A dire elephant (Gauntlet)
  Snorg (Lair:6)
  An ettin (Orc:2)
  8 boulder beetles
  A catoblepas (Lair:3)
  Erolcha (D:11)
  8 hydras
  3 centaur warriors
  3 two-headed ogres
  2 dancing weapons (D:14)
  2 tengu warriors (D:11)
  Urug (Orc:1)
  A death yak (Lair:6)
  2 thrashing horrors (Abyss:2)
  6 orc high priests
  A wretched star (Abyss:2)
  A fire crab (Lair:6)
  A sixfirhy (Lair:6)
  A spatial maelstrom (Abyss:2)
  Pikel (D:3)
  A wizard (Lair:6)
  3 orc knights
  A deep elf pyromancer (D:15)
  2 orc sorcerers
  13 ugly things
  A salamander (shapeshifter) (D:14)
  2 worldbinders (Abyss:2)
  2 cyclopes
  2 manticores
  Maurice (D:8)
  2 merfolk sirens (Lair:4)
  21 elephants
  Joseph (D:7)
  18 cane toads
  A guardian serpent (Orc:2)
  A rust devil (Gauntlet)
  6 black mambas
  A smoke demon (Abyss:2)
  Maggie (D:6)
  A gargoyle (D:14)
  An unseen horror (D:13)
  2 torpor snails
  2 ice statues (IceCv)
  A kobold demonologist (D:11)
  10 komodo dragons
  11 rime drakes
  A freezing wraith (IceCv)
  3 ice devils (Lair:6)
  A hellwing (Lair:6)
  2 red devils (Lair:6)
  2 merfolk (Lair:4)
  A meliai (D:15)
  A hornet (D:9)
  7 trolls
  Prince Ribbit (D:6)
  3 polar bears
  12 dream sheep
  14 blink frogs
  A raiju (shapeshifter) (D:13)
  A raiju (Abyss:2)
  5 slime creatures (D:9)
  Sigmund (D:6)
  A spriggan (Lair:4)
  A wraith (D:10)
  A vampire (D:12)
  2 ynoxinuls
  37 yaks
  9 basilisks
  A yak (shapeshifter) (D:14)
  Eustachio (D:6)
  10 vampire mosquitoes
  A steam dragon (D:7)
  4 wyverns
  3 chaos spawn
  A neqoxec (Gauntlet)
  2 large abominations (Abyss:2)
  3 nagas (Lair:2)
  Edmund (D:4)
  A death yak simulacrum (IceCv)
  10 wargs
  An acid dragon (D:11)
  19 water moccasins
  5 hell hounds
  A swamp drake (D:10)
  Duvessa (D:6)
  An ice beast (D:4)
  27 orc warriors
  3 sky beasts
  2 black bears
  4 ogres
  19 wolves
  8 centaurs
  2 lemures (D:3)
  15 bullfrogs
  4 cane toad simulacra (Lair:6)
  A scorpion (D:6)
  A water moccasin zombie (D:4)
  A wyvern zombie (D:6)
  Dowan (D:6)
  A water moccasin skeleton (D:5)
  An elephant simulacrum (IceCv)
  A hornet simulacrum (D:15)
  2 electric eels
  4 howler monkeys
  2 vampire bats (D:14)
  3 centaur zombies
  4 iron imps (Gauntlet)
  37 orc priests
  2 centaur skeletons
  4 jellies
  Crazy Yiuf (D:2)
  5 iguanas
  Terence (D:2)
  A scorpion zombie (D:5)
  19 orc wizards
  A wolf simulacrum (IceCv)
  2 polar bear simulacra
  A killer bee zombie (D:7)
  A hound skeleton (D:4)
  8 mummies (Ossuary)
  A howler monkey zombie (D:5)
  8 gnolls
  A howler monkey skeleton (D:7)
  7 adders
  A shadow imp (D:8)
  2 white imps
  2 ufetubi (Abyss:2)
  4 worms
  2 dart slugs
  88 orcs
  9 bats
  10 endoplasms
  4 giant cockroaches
  8 goblins
  8 hobgoblins
  5 jackals
  6 quokkas
  7 ball pythons
  6 frilled lizards
  3 hobgoblin zombies (Ossuary)
  12 kobolds
  4 kobold zombies (Ossuary)
  An orc zombie (Ossuary)
  A quokka skeleton (D:4)
  4 rats
  A bush (D:3)
  A starspawn tentacle (Abyss:2)
726 creatures vanquished.

Vanquished Creatures (others)
  A small abomination (Abyss:2)
  An orc (Orc:1)
  22 fungi
  A lurking horror (Abyss:2)
  20 plants
  9 starspawn tentacles (Abyss:2)
54 creatures vanquished.

Grand Total: 780 creatures vanquished

Notes
Turn   | Place    | Note
-------+----------+-------------------------------------------
     0 | D:1      | Sharkman1231 the Demonspawn Fighter began the quest for the
                  | Orb.
     0 | D:1      | Reached XP level 1. HP: 18/18 MP: 1/1
   189 | D:1      | Gained mutation: You have a pair of small antennae on your
                  | head. [demonic ancestry]
   189 | D:1      | Reached XP level 2. HP: 15/24 MP: 0/2
   939 | D:1      | Reached XP level 3. HP: 26/29 MP: 1/3
  1435 | D:2      | Found a runed translucent door.
  1436 | D:2      | Noticed Crazy Yiuf
  1535 | D:2      | Reached skill level 1 in Dodging
  2079 | D:2      | Gained mutation: You have a pair of antennae on your head.
                  | [demonic ancestry]
  2079 | D:2      | Reached XP level 4. HP: 21/35 MP: 1/4
  2473 | D:2      | Noticed Terence
  2488 | D:2      | Killed Terence
  2823 | D:2      | Killed Crazy Yiuf
  2915 | D:3      | Gained mutation: You have a pair of large antennae on your
                  | head. (SInv) [demonic ancestry]
  2915 | D:3      | Reached XP level 5. HP: 38/41 MP: 5/5
  3418 | D:3      | Found an ancient bone altar of Kikubaaqudgha.
  3422 | D:3      | Found a broken altar of Ashenzari.
  3422 | D:3      | Found an iron altar of Okawaru.
  3794 | D:3      | Found a blossoming altar of Fedhas.
  4441 | D:4      | Noticed a lemure
  4443 | D:4      | Noticed Pikel
  4457 | D:3      | Killed a lemure
  4459 | D:4      | Noticed a lemure
  4778 | D:3      | Found an ancient bone altar of Kikubaaqudgha.
  4780 | D:3      | Found an iron altar of Okawaru.
  4782 | D:3      | Found a broken altar of Ashenzari.
  4895 | D:3      | Killed a lemure
  4967 | D:3      | Killed Pikel
  4968 | D:3      | Gained mutation: You are partially covered in sharp spines.
                  | [demonic ancestry]
  4968 | D:3      | Reached XP level 6. HP: 37/49 MP: 6/6
  4968 | D:3      | Reached XP level 7. HP: 42/55 MP: 7/7
  5340 | D:4      | Found a runed translucent door.
  5340 | D:4      | Noticed melkoren's ghost (amateur TrMo)
  5351 | D:4      | Identified the +9 long sword of the Toadstool {venom, rElec
                  | rPois rF++ rC+}
  5497 | D:4      | Noticed Edmund
  5514 | D:4      | Killed Edmund
  5515 | D:4      | Reached skill level 5 in Fighting
  5515 | D:4      | Reached skill level 1 in Long Blades
  5515 | D:4      | Gained mutation: You are mostly covered in sharp spines.
                  | [demonic ancestry]
  5515 | D:4      | Reached XP level 8. HP: 41/62 MP: 8/8
  5654 | D:4      | Found a staircase to the Ecumenical Temple.
  5667 | Temple   | Entered the Ecumenical Temple
  5876 | Temple   | Became a worshipper of Makhleb the Destroyer
  6314 | D:5      | Entered Level 5 of the Dungeon
  6339 | D:5      | Identified the +2 hunting sling "Wikoe" {vorpal, Str+5}
  6354 | D:5      | Reached skill level 2 in Long Blades
  6425 | D:5      | Reached skill level 5 in Armour
  6463 | D:5      | Reached skill level 5 in Shields
  6503 | D:5      | Identified the +6 dagger of Rubbish {elec, Int+4}
  6657 | D:5      | Reached skill level 3 in Long Blades
  6659 | D:5      | Found a sand-covered staircase.
  6663 | Ossuary  | Entered an ossuary
  6686 | Ossuary  | Reached * piety under Makhleb
  6903 | D:5      | Found a shadowy altar of Dithmenos.
  7419 | D:6      | Identified the +6 scale mail of Kagosuv {rPois Str-2 SInv}
  7424 | D:6      | Reached XP level 9. HP: 52/69 MP: 9/9
  7617 | D:6      | Noticed Eustachio
  7647 | D:6      | Killed Eustachio
  7648 | D:6      | Reached skill level 4 in Long Blades
  7788 | D:6      | Noticed Duvessa
  7788 | D:6      | Noticed Dowan
  7819 | D:6      | Killed Duvessa
  7825 | D:6      | Killed Dowan
  7947 | D:6      | Noticed Maggie
  7948 | D:6      | Noticed Prince Ribbit
  7955 | D:6      | Killed Maggie
  7957 | D:6      | Noticed Sigmund
  7959 | D:6      | Killed Sigmund
  7961 | D:6      | Killed Prince Ribbit
  7962 | D:6      | Reached skill level 5 in Long Blades
  7962 | D:6      | Reached skill level 5 in Dodging
  8210 | D:6      | Found a bloodstained altar of Trog.
  8239 | D:6      | Found an opulent altar of Gozag.
  8365 | D:7      | Reached skill level 1 in Invocations
  8480 | D:7      | Reached ** piety under Makhleb
  8660 | D:7      | Noticed Joseph
  8669 | D:7      | Killed Joseph
  8670 | D:7      | Gained mutation: Your demonic aura sometimes causes spilled
                  | blood to erupt in flames. [demonic ancestry]
  8670 | D:7      | Reached XP level 10. HP: 55/77 MP: 11/11
  9032 | D:8      | Noticed a boulder beetle
  9033 | D:8      | Noticed Maurice
  9047 | D:8      | Killed a boulder beetle
  9048 | D:8      | Reached skill level 6 in Long Blades
  9188 | D:8      | Killed Maurice
  9365 | D:8      | Noticed Gastronok
  9398 | D:8      | Killed Gastronok
  9399 | D:8      | Reached skill level 7 in Long Blades
  9839 | D:9      | Noticed a two-headed ogre
  9847 | D:9      | Killed a two-headed ogre
  9848 | D:9      | Reached skill level 5 in Invocations
  9848 | D:9      | Reached XP level 11. HP: 78/84 MP: 14/14
  9924 | D:9      | Found a shimmering altar of Xom.
  9991 | D:9      | Found a staircase to the Orcish Mines.
  9991 | D:9      | Found Wyuptuci's Armour Shoppe.
 10217 | D:9      | Noticed a green ugly thing
 10218 | D:9      | Noticed a two-headed ogre
 10218 | D:9      | Noticed a skeletal warrior
 10219 | D:9      | Noticed a brown ugly thing
 10219 | D:9      | Noticed a six-headed hydra
 10219 | D:9      | Noticed a centaur warrior
 10720 | D:9      | Found a basalt altar of Yredelemnul.
 10854 | D:9      | Noticed a storm dragon
 10864 | Orc:1    | Entered Level 1 of the Orcish Mines
 10864 | Orc:1    | Noticed an orc high priest
 10864 | Orc:1    | Found Qiboffot's Armour Boutique.
 10867 | Orc:1    | Noticed an orc sorcerer
 11020 | D:9      | Killed an orc high priest
 11125 | Orc:1    | Noticed a soul eater
 11130 | Orc:1    | Killed an orc sorcerer
 11131 | Orc:1    | Reached skill level 8 in Long Blades
 11303 | Orc:1    | Reached *** piety under Makhleb
 11310 | Orc:1    | Noticed an orc knight
 11339 | D:9      | Killed an orc knight
 11547 | D:9      | Identified a scroll of acquirement
 11548 | D:9      | Acquired the +2 demon blade of Desperation {venom, +Blink}
 11599 | Orc:1    | Found Xura's Jewellery Shop.
 11684 | Orc:1    | Found Egidieh's Distillery.
 11692 | Orc:1    | Bought a potion of cancellation for 144 gold pieces
 11692 | Orc:1    | Bought a potion of ambrosia for 144 gold pieces
 11692 | Orc:1    | Bought a potion of lignification for 54 gold pieces
 11692 | Orc:1    | Bought a potion of mutation for 144 gold pieces
 11692 | Orc:1    | Bought a potion of heal wounds for 90 gold pieces
 11692 | Orc:1    | Bought a potion of curing for 54 gold pieces
 11692 | Orc:1    | Bought a potion of curing for 54 gold pieces
 11819 | Orc:2    | Entered Level 2 of the Orcish Mines
 11835 | Orc:2    | Noticed an orc knight
 12078 | Orc:2    | Found a staircase to the Elven Halls.
 12092 | Orc:2    | Noticed Nessos
 12096 | Orc:2    | Noticed Nessos
 12096 | Orc:2    | Nessos changed into Nessos the guardian serpent
 12101 | Orc:2    | Killed Nessos the guardian serpent
 12263 | Orc:2    | Found Lafifeur's Weapon Shoppe.
 12413 | Orc:2    | Noticed an orc high priest
 12414 | Orc:2    | Reached **** piety under Makhleb
 12421 | Orc:2    | Noticed an orc high priest
 12461 | Orc:1    | Killed an orc knight
 12780 | Orc:2    | Noticed an orc high priest
 12783 | Orc:2    | Noticed a sixfirhy
 12783 | Orc:2    | Killed an orc high priest
 12799 | Orc:2    | Killed an orc high priest
 12803 | Orc:2    | Gained mutation: Your demonic aura often causes spilled
                  | blood to erupt in flames. [demonic ancestry]
 12803 | Orc:2    | Reached XP level 12. HP: 60/94 MP: 17/17
 12828 | Orc:2    | Killed an orc high priest
 12829 | Orc:2    | Reached skill level 9 in Long Blades
 13084 | Orc:2    | Noticed an orc high priest
 13089 | Orc:2    | Killed an orc high priest
 13163 | Orc:2    | Noticed an orc high priest
 13163 | Orc:2    | Noticed an ettin
 13191 | Orc:2    | Killed an orc high priest
 13200 | Orc:2    | Found Doohiwed's Armour Boutique.
 13200 | Orc:2    | Found Koxor's Armour Emporium.
 13295 | Orc:2    | Found Quloatz's Weapon Boutique.
 13295 | Orc:2    | Found Houphedydo's Book Emporium.
 13295 | Orc:2    | Paralysed by an orc sorcerer for 5 turns
 13304 | Orc:2    | Paralysed by an orc sorcerer for 4 turns
 13316 | Orc:2    | Reached ***** piety under Makhleb
 13935 | Orc:2    | Killed an ettin
 14250 | Orc:1    | Noticed Sonja
 14250 | Orc:1    | Noticed Urug
 14257 | Orc:1    | Noticed Sonja
 14257 | Orc:1    | Sonja changed into Sonja the jelly
 14273 | Orc:1    | Killed Urug
 14276 | Orc:1    | Killed Sonja the jelly
 14468 | Orc:1    | Found a runed translucent door.
 14468 | Orc:1    | Noticed Maimakterion's ghost (journeyman GrFi)
 14588 | D:10     | Entered Level 10 of the Dungeon
 14719 | D:10     | Found Hirch's Weapon Boutique.
 14867 | D:10     | Found a radiant altar of Vehumet.
 15138 | D:10     | Found a staircase to the Lair.
 15357 | D:11     | Noticed a two-headed ogre
 15358 | D:11     | Noticed a two-headed ogre
 15364 | D:11     | Killed a two-headed ogre
 15365 | D:11     | Reached skill level 10 in Long Blades
 15372 | D:11     | Killed a two-headed ogre
 15706 | D:11     | Noticed Erolcha
 15710 | D:11     | Killed Erolcha
 15795 | D:11     | Found Tukezyargh's Serpentskin Sales.
 15800 | D:11     | Gained mutation: You are partially covered in rugged brown
                  | scales. (AC +1, +3% HP) [demonic ancestry]
 15800 | D:11     | Reached XP level 13. HP: 96/104 MP: 19/19
 17251 | D:13     | Identified the +12 war axe of Diet Blood {venom, Int+3}
 17880 | D:14     | Noticed Frances
 18502 | D:14     | Found a blossoming altar of Fedhas.
 18514 | D:14     | Reached skill level 11 in Long Blades
 18518 | D:14     | Reached skill level 10 in Fighting
 18551 | D:14     | Found a gate to the Vaults.
 18714 | D:14     | Reached skill level 10 in Invocations
 18785 | D:14     | Identified the +5 long sword of Jadgh {holy, Will+}
 18786 | D:14     | Found Dischutz's Antique Armour Emporium.
 18794 | D:14     | Bought a pair of glowing gloves for 255 gold pieces
 18920 | D:14     | Noticed an Executioner
 19507 | Lair:1   | Entered Level 1 of the Lair of Beasts
 20276 | Lair:2   | Found a staircase to the Snake Pit.
 20288 | Lair:2   | Gained mutation: You are completely covered in sharp
                  | spines. [demonic ancestry]
 20288 | Lair:2   | Reached XP level 14. HP: 93/113 MP: 21/21
 20804 | Lair:2   | Identified the +1 plate armour of the Stone Wall {rF+ rC+}
 21388 | Lair:3   | Reached skill level 12 in Long Blades
 21545 | Lair:3   | Reached ****** piety under Makhleb
 21709 | Lair:3   | Got Ocuamexo's Incunabulum of Weightlessness and Shape
                  | Shifting
 21945 | Lair:4   | Found a staircase to the Shoals.
 21954 | Lair:4   | Reached skill level 10 in Armour
 21973 | Lair:4   | Reached skill level 10 in Shields
 23374 | Lair:6   | Entered Level 6 of the Lair of Beasts
 23531 | Lair:6   | Reached skill level 10 in Dodging
 23544 | Lair:6   | Found a frozen archway.
 23576 | Lair:6   | Reached skill level 13 in Long Blades
 23576 | Lair:6   | Reached XP level 15. HP: 118/118 MP: 23/23
 23589 | IceCv    | Entered an ice cave
 23590 | IceCv    | Found a transporter.
 23609 | IceCv    | Found a transporter.
 24588 | Lair:6   | Found a burning altar of Makhleb.
 24646 | Lair:6   | Found a gateway to Hell.
 24667 | Lair:6   | Identified the amulet of Rejats {Faith rPois Int+2}
 24872 | Lair:6   | Found a shimmering altar of Xom.
 24893 | Lair:6   | Reached skill level 14 in Long Blades
 25097 | Lair:6   | Found a viscous altar of Jiyva.
 25097 | Lair:6   | Found a staircase to the Slime Pits.
 25141 | Lair:6   | Noticed Snorg
 25151 | Lair:6   | Killed Snorg
 25666 | D:15     | Entered Level 15 of the Dungeon
 25880 | D:15     | Found a gate leading to a gauntlet.
 25886 | Gauntlet | Entered a Gauntlet
 25886 | Gauntlet | Found a transporter.
 25886 | Gauntlet | Found a transporter.
 25896 | Gauntlet | Found a transporter.
 25899 | Gauntlet | Found a transporter.
 25910 | Gauntlet | Found a transporter.
 25912 | Gauntlet | Found a transporter.
 25918 | Gauntlet | Found a transporter.
 25936 | Gauntlet | Found a transporter.
 25953 | Gauntlet | Found a transporter.
 25956 | Gauntlet | Found a transporter.
 25966 | Gauntlet | Found a transporter.
 25969 | Gauntlet | Found a transporter.
 26294 | Gauntlet | Identified the +2 pair of gloves of Melancholy {rC+}
 26529 | D:15     | Cast into level 2 of the Abyss (a wizard)
 26618 | Abyss:2  | Reached skill level 1 in Stealth
 26632 | Abyss:2  | Noticed a tentacled starspawn
 26663 | Abyss:2  | Killed a tentacled starspawn
 26805 | Abyss:2  | Noticed a tentacled starspawn
 26879 | Abyss:2  | Noticed a tentacled starspawn
 26894 | Abyss:2  | Killed a tentacled starspawn
 26924 | Abyss:2  | Reached skill level 5 in Stealth
 27064 | Abyss:2  | Blown up by a great orb of eyes

Illustrated notes

Levels and vault maps discovered:
D:1:      amcnicky_arrival_feature_with_door, layout_basic
D:2:      minmay_door_path, layout_loops_ring, amcnicky_mini_pool_small,
          uniq_crazy_yiuf_cottage, uniq_terence
D:3:      layout_loops_ring, mainiacjoe_overflow_alcove_2,
          grunt_temple_overflow_open, serial_forest, infiniplex_forest_lined_3,
          infiniplex_forest_straight_4, infiniplex_forest_lined_2,
          infiniplex_forest_straight_1, infiniplex_forest_end_3,
          infiniplex_forest_end_3, infiniplex_forest_clump_small,
          hangedman_abyss_or_decor_stabs, kennysheep_generic_room_3
D:4:      layout_rooms, minmay_temple_entry_slanted,
          hellmonk_ghost_happy_afterlife, serial_co_window_serial,
          co_window_corner_a, co_window_corner_a, co_window_corner_a,
          co_window_of_opportunity_a, co_window_corner_a, co_window_corner_cb,
          co_window_of_opportunity_c, co_window_unsneaky_path_c,
          co_window_2corner, glass_columns_b, kennysheep_generic_room_6,
          uniq_edmund, uniq_pikel
D:5:      layout_basic, nicolae_dithmenos_the_darkroom,
          nicolae_ossuary_entry_false_entrances
D:6:      layout_rooms, mainiacjoe_overflow_two_lobes, uniq_sigmund,
          uniq_prince_ribbit1, uniq_duvessa, uniq_maggie, uniq_eustachio
D:7:      layout_cave_pools, uniq_joseph
D:8:      layout_rooms, uniq_gastronok, uniq_maurice
D:9:      layout_rooms, mainiacjoe_overflow_six_doors_small,
          lemuel_coloured_pillars_altar, orc_david_3, serial_curves,
          eino_curves_04, eino_curves_01, minivault_12
D:10:     layout_basic, lemuel_crystal_altar, erik_lair_dragon, serial_shops,
          shop_statue
D:11:     layout_loops_ring, guppyfry_shop_venom, uniq_erolcha
D:12:     layout_irregular_city
D:13:     layout_irregular_city, minmay_misc_feat_chi,
          nicolae_elyvilon_peaceful_grove
D:14:     layout_cross, erik_vaults_1, serial_shops, shop, fedhas_altar_2,
          roderic_batcave, st_stairs_8, chequers_serial_rivers_marsh,
          uniq_frances
D:15:     grunt_enter_depths_magical_seal, layout_loops_ring,
          gauntlet_entry_generic
Temple:   minmay_temple_curvy_loop
Lair:1:   layout_chaotic_city, nicolae_quartered_pool_medium
Lair:2:   nzn_winding_woodlands_medium [nzn_winding_woodlands_5x5_closed_star,
          nzn_winding_woodlands_5x15_cabin, nzn_winding_woodlands_5x5_default,
          nzn_winding_woodlands_hourglass, nzn_winding_woodlands_center_garden,
          nzn_winding_woodlands_5x5_cross,
          nzn_winding_woodlands_5x5_checkerboard,
          nzn_winding_woodlands_5x15_sidewinder,
          nzn_winding_woodlands_5x5_default], layout_chaotic_city,
          guppyfry_snake_entry_island
Lair:3:   layout_cave_shapes, grunt_megastairs_1
Lair:4:   layout_misc_corridors, elwin_shoals_entry_stream,
          grunt_forest_large_clearing_hut, grunt_megastairs_2,
          infiniplex_staircase_pool, serial_bayou_shore_b
Lair:5:   layout_concentric_octagons
Lair:6:   evil_forest, layout_loops_ring, slime_altar_1,
          portal_ice_cave_entry_ice_simulacra, basic_altar,
          minmay_shattered_shrine, uniq_snorg
Orc:1:    layout_caves, serial_shops, nicolae_square_shop, shop, shop,
          ebering_ghost_inner_flame, uniq_sonja, uniq_urug
Orc:2:    st_orc_town, layout_diamond_mine, serial_shops, shop_statue,
          uniq_nessos
Abyss:2:  base: D:11, lemuel_flamethrower_2, evilmike_abyss_exit_7,
          hangedman_abyss_or_decor_stabs

Skill      XL: |  1  2  3  4  5  6  7  8  9 10 11 12 13 14 15 |
---------------+----------------------------------------------+-----
Maces & Flails | 2 3 4 |  4.0
Shields        | 3 4 5 6 7 8 9 10 12 | 12.3
Armour         | 3 4 5 6 7 8 9 10 11 | 11.0
Dodging        | 1 3 4 5 6 7 8 9 10 | 10.0
Fighting       | 4 5 6 7 8 9 10 | 10.0
Long Blades    | 1 3 5 7 8 10 11 13 14 | 14.0
Invocations    | 2 5 7 8 10 11 | 11.0
Stealth        | 5 |  5.0

Action                   |  1- 3 |  4- 6 |  7- 9 | 10-12 | 13-15 || total
-------------------------+-------+-------+-------+-------+-------++-------
Melee: Flail             |    18 |   104 |    23 |       |       ||   145
       Whip              |   148 |    12 |       |       |       ||   160
       Mace              |       |   101 |     5 |       |       ||   106
       Unarmed           |       |     1 |       |       |       ||     1
       Long sword        |       |       |   162 |   470 |  1039 ||  1671
Invok: Greater Servant o |       |       |       |       |     2 ||     2
Evoke: Wand              |       |       |       |    11 |     8 ||    19
  Use: Scroll            |       |     2 |     5 |     4 |    18 ||    29
       Potion            |       |       |       |     2 |     4 ||     6
 Stab: Distracted        |       |       |       |       |     1 ||     1
Armor: Scale mail        |    66 |     7 |       |       |       ||    73
       Chain mail        |       |    68 |   102 |   195 |   593 ||   958
Dodge: Dodged            |    40 |    35 |    51 |   157 |   468 ||   751
Block: Kite shield       |    92 |    86 |   103 |   286 |   781 ||  1348
       Rpst.: Long sword |       |       |    13 |    48 |   100 ||   161
